 Dungeon Sprint DCSS version 0.19.1 (webtiles) character file.

34 Groucho the Sneak (level 3, -1/32 HPs)
             Began as a Deep Dwarf Assassin on Dec 7, 2016.
             Was an Initiate of Cheibriados.
             Killed by divine providence
             ... invoked by an oklob sapling priest
              (12 damage)
             ... in the Dungeon (Sprint IV: "Fedhas' Mad Dash").
             The game lasted 00:01:12 (284 turns).

Groucho the Sneak (Deep Dwarf Assassin)              Turns: 284, Time: 00:01:12

Health: -1/32      AC: -1    Str: 15    XL:     3   Next: 14%
Magic:  6/7        EV: 12    Int: 12    God:    Cheibriados [......]
Gold:   28         SH:  0    Dex: 16    Spells: 0 memorised, 2 levels left

rFire  . . .     SeeInvis .     a - +2 dagger
rCold  . . .     Gourm    .     c - +0 robe
rNeg   . . .     Faith    .     (no shield)
rPois  .         Spirit   .     (no helmet)
rElec  .         Reflect  .     d - +0 cloak
rCorr  .         Harm     .     (no gloves)
MR     .....     NoTele   +     (no boots)
Stlth  ++++......               p - amulet of invisibility {+Inv}
                                (no ring)
                                (no ring)

@: corroded, very slightly contaminated, non-regenerating, invisible (expiring),
slow
A: damage resistance, recharge devices, sense surroundings 1, slow regeneration
3
a: Device Recharging, Bend Time, Renounce Religion, Turn Visible


You were in the Dungeon.
You worshipped Cheibriados.
Cheibriados was noncommittal.
You were not hungry.

You visited 1 branch You collected 28 gold pieces.

Inventory:

Hand Weapons
 a - a +2 dagger (weapon)
 b - a +0 blowgun
Missiles
 e - 24 poisoned needles
 f - 2 curare-tipped needles
Armour
 c - a +0 robe (worn)
 d - a +0 cloak (worn)
Jewellery
 p - the amulet of invisibility (around neck) {+Inv}
   (You found it in the Dungeon)

   [amulet of nothing]

   It lets you turn invisible.
Wands
 g - a wand of heal wounds (5/9)
Scrolls
 n - a scroll of blinking
Potions
 i - a potion of curing
 j - a potion of heal wounds
 k - a potion of haste
 l - 2 potions of magic
 m - a potion of berserk rage
Comestibles
 h - a bread ration
 o - a meat ration


   Skills:
 - Level 1.7 Fighting
 - Level 1.7 Short Blades
 - Level 1.7 Throwing
 - Level 1.1 Dodging
 + Level 7.5 Stealth
 + Level 5.6 Evocations


You had 2 spell levels left.
You didn't know any spells.

Dungeon Overview and Level Annotations

Branches:
Dungeon (1/1)

Altars:
Cheibriados
Dithmenos
Elyvilon
Gozag
Hepliaklqana
Kikubaaqudgha
Makhleb
Nemelex Xobeh
Okawaru
Qazlal
Ru
Sif Muna
Trog
Uskayaw
Vehumet
Xom
Yredelemnul
Zin
The Shining One
Beogh
Jiyva
Lugonu

Annotations:
D exclusion: 2 oklob saplings


Innate Abilities, Weirdness & Mutations

You are resistant to damage.
You can recharge devices by infusing magical energy.
You passively map a small area around you.
You do not regenerate.


Message History

You hit the oklob sapling priest.
The oklob sapling priest is lightly damaged.
You hit the oklob sapling priest but do no damage.
The oklob sapling priest is lightly damaged.
You hit the oklob sapling priest but do no damage.
The oklob sapling priest is lightly damaged.
You flicker for a moment.
The oklob sapling priest looks braver for a moment.
You hit the oklob sapling priest.
The oklob sapling priest is lightly damaged.
You hit the oklob sapling priest but do no damage.
The oklob sapling priest is lightly damaged.
You hit the oklob sapling priest but do no damage.
The oklob sapling priest is lightly damaged.
The oklob sapling priest looks satisfied for a moment.
You hit the oklob sapling priest but do no damage.
The oklob sapling priest is lightly damaged.
The oklob sapling priest invokes the aid of its god against you.
Something smites you!
You die...

########################
...÷#.$...#.⌠._._._._.⌠.
....'.#...'.._._@_._._..
....#P#...#..._._P_._...
########+##.._._._._._..*
, , , #.⌠._._._._.⌠. , *
, ############## * ,, * *
* , + * * , +,, , , ,, ,
,,, * , * * , * , *


You could see an oklob sapling priest.

Vanquished Creatures
  A worker ant (D)
  A river rat (D)
  A rat (D)
3 creatures vanquished.

Notes
Turn   | Place    | Note
-------+----------+-------------------------------------------
     0 | D        | Groucho the Deep Dwarf Assassin began the quest for the Orb.
     0 | D        | Reached XP level 1. HP: 19/19 MP: 1/1
     9 | D        | Reached skill level 6 in Stealth
     9 | D        | Reached XP level 2. HP: 26/26 MP: 1/4
   244 | D        | Noticed an oklob sapling
   248 | D        | Reached skill level 7 in Stealth
   248 | D        | Reached skill level 5 in Evocations
   248 | D        | Reached XP level 3. HP: 32/32 MP: 5/7
   266 | D        | Found an opulent altar of Gozag.
   266 | D        | Found a hazy altar of Hepliaklqana.
   266 | D        | Found a roughly hewn altar of Beogh.
   266 | D        | Found a snail-covered altar of Cheibriados.
   267 | D        | Found a viscous altar of Jiyva.
   267 | D        | Found a burning altar of Makhleb.
   267 | D        | Found a sparkling altar of Nemelex Xobeh.
   267 | D        | Found a sacrificial altar of Ru.
   267 | D        | Found a deep blue altar of Sif Muna.
   267 | D        | Found a bloodstained altar of Trog.
   267 | D        | Found a shimmering altar of Xom.
   267 | D        | Found a basalt altar of Yredelemnul.
   267 | D        | Noticed an oklob sapling priest
   268 | D        | Found an iron altar of Okawaru.
   268 | D        | Found a shadowy altar of Dithmenos.
   268 | D        | Found a glowing silver altar of Zin.
   269 | D        | Found an ancient bone altar of Kikubaaqudgha.
   269 | D        | Found a hide-covered altar of Uskayaw.
   270 | D        | Found a stormy altar of Qazlal.
   270 | D        | Found a white marble altar of Elyvilon.
   270 | D        | Found a glowing golden altar of the Shining One.
   271 | D        | Found a corrupted altar of Lugonu.
   271 | D        | Found a radiant altar of Vehumet.
   275 | D        | Became a worshipper of Cheibriados the Contemplative
   284 | D        | Killed from afar by an oklob sapling priest

Skill      XL: |  1  2 |
---------------+-------+-----
Stealth        | 6 7 |  7.5
Evocations     | 3 5 |  5.6
Fighting       | |  1.7
Short Blades   | |  1.7
Throwing       | |  1.7
Dodging        | |  1.1

Action                   || total
-------------------------++-------
Melee: Dagger            ||    11
 Abil: Evoke Invisibilit ||     1
 Stab: Sleeping          ||     3
